 Dungeon Crawl Stone Soup version 0.14-a0-1519-gc5e2f7f (webtiles) character file.

180 Mitsuki the Ruinous (level 4, -2/33 HPs)
             Began as a Draconian Conjurer on Dec 16, 2013.
             Killed by nerve-wracking pain
             ... invoked by Grinder
              (7 damage)
             ... on Level 3 of the Dungeon.
             The game lasted 00:14:51 (2627 turns).

Mitsuki the Ruinous (Draconian Conjurer)            Turns: 2627, Time: 00:14:51

HP  -2/33        AC  7     Str 11      XL: 4   Next: 44%
MP   0/8         EV 12     Int 16      God:
Gold 82          SH  0     Dex 11      Spells:  3 memorised,  2 levels left

rFire  . . .     SeeInvis .     q - +0 dagger (flame)
rCold  . . .     Clarity  .     (armour unavailable)
rNeg   . . .     Conserve .     (no shield)
rPois  .         rCorr    .     (helmet restricted)
rElec  .         rRot     .     o - +0 orc cloak
SustAb . .       Spirit   .     p - +0 pair of gloves
rMut   .         Warding  .     (no boots)
Saprov . . .     Stasis   .     (no amulet)
                                (no ring)
                                (no ring)

@: slightly resistant to hostile enchantments, unstealthy
A: unfitting armour, AC +5
a: no special abilities


You were on level 3 of the Dungeon.
You were not hungry.

You visited 1 branch of the dungeon, and saw 3 of its levels.

You collected 82 gold pieces.

Inventory:

Hand weapons
 q - a +0,+0 dagger of flaming (weapon)
Armour
 o - a +0 orcish cloak (worn)
 p - a +0 pair of gloves (worn)
Magical devices
 g - a wand of frost (0)
Comestibles
 b - 4 bread rations
Scrolls
 a - 4 scrolls of magic mapping
 d - a scroll of immolation {unknown}
 f - a scroll of random uselessness {unknown}
 h - a scroll of fear {unknown}
 i - 2 scrolls of curse jewellery {unknown}
 j - a scroll of enchant armour {unknown}
 k - a scroll of curse armour {unknown}
 l - 4 scrolls of identify {unknown}
 n - a scroll of recharging {unknown}
 r - a scroll of remove curse
 t - a scroll of noise {unknown}
Jewellery
 m - an uncursed amulet of faith {unknown}
Potions
 s - a potion of might
Books
 c - a book of Conjurations

   Spells                             Type                      Level
   *Magic Dart                        Conjuration                  1
   *Searing Ray                       Conjuration                  2
   *Dazzling Spray                    Conjuration/Hexes            3
   Iskenderun's Mystic Blast          Conjuration                  4
   Iskenderun's Battlesphere          Conjuration/Charms           4
   Fulminant Prism                    Conjuration/Hexes            5


   Skills:
 + Level 0.2 Fighting
 + Level 2.3 Dodging
 + Level 2.1 Stealth
 + Level 2.5 Spellcasting
 + Level 5.1 Conjurations
 + Level 0.1 Hexes


You had 2 spell levels left.
You knew the following spells:

 Your Spells              Type           Power        Failure   Level  Hunger
a - Magic Dart            Conj           ###.         2%          1    #......
b - Dazzling Spray        Conj/Hex       ##......     21%         3    ###....
c - Searing Ray           Conj           ###...       4%          2    ##.....


Dungeon Overview and Level Annotations

Branches:
Dungeon (3/16)

Altars:

Annotations:
D:3 Grinder, Jessica


Message History

Grinder is severely wounded.
Grinder hits you.
You writhe in agony.
You hit Grinder. You burn Grinder.
Grinder is severely wounded.
Grinder hits you.
* * * LOW HITPOINT WARNING * * *
You writhe in agony.
* * * LOW HITPOINT WARNING * * *
You are too injured to fight recklessly!
Casting: Searing Ray
Confirm with . or Enter, or press ? or * to list all spells.
Aiming: Magic Dart
Press: ? - help, Shift-Dir - straight line, f - Grinder
Aim: Grinder (severely wounded)
The magic dart hits Grinder.
Grinder is severely wounded.
Grinder barely misses you. Grinder gestures at you.
Pain shoots through your body!
You die...

... ... #..
#.# #.# #.###
..#####...#
...........# #
.
........@..#.#
..
#....#####5#.#
..
.........g..#
..
.#####......#
...
.............#
...
.#####%g..###
... #.#### ..
... ... .....


You could see Grinder.

Vanquished Creatures
  Ijyb (D:1)
  4 adders
  A worm (D:2)
  A giant gecko (D:2)
  An ooze (D:2)
  A ball python (D:1)
  A giant cockroach (D:3)
  7 goblins
  2 hobgoblins (D:1)
  5 kobolds
  2 quokkas (D:2)
  7 bats
  8 rats
41 creatures vanquished.

Notes
Turn   | Place    | Note
--------------------------------------------------------------
     0 | D:1      | Mitsuki, the Draconian Conjurer, began the quest for the Orb.
     0 | D:1      | Reached XP level 1. HP: 14/14 MP: 3/3
   358 | D:1      | Reached XP level 2. HP: 20/20 MP: 2/4
   804 | D:2      | Reached XP level 3. HP: 11/26 MP: 0/6
  1056 | D:2      | Learned a level 3 spell: Dazzling Spray
  1196 | D:2      | Reached skill level 5 in Conjurations
  1300 | D:2      | Noticed Ijyb
  2077 | D:3      | Reached XP level 4. HP: 25/33 MP: 1/8
  2223 | D:3      | Noticed Jessica
  2253 | D:2      | Learned a level 2 spell: Searing Ray
  2528 | D:1      | Killed Ijyb
  2607 | D:3      | Noticed Grinder
  2627 | D:3      | Killed from afar by Grinder

Action                   |  1- 3 |  4- 6 || total
-------------------------+-------+-------++-------
Melee: Club              |    48 |     8 ||    56
       Dagger            |       |    10 ||    10
 Cast: Magic Dart        |    58 |     8 ||    66
       Dazzling Spray    |     2 |       ||     2
       Searing Ray       |       |     4 ||     4
  Use: Scroll            |     2 |       ||     2
       Potion            |     2 |       ||     2
